AoeStats
← PeterMT2699

Arena

509878098Analyzed
3v3 RM · 4d ago on Sep 28, 2026· 48m 38s· 6 players
Game mode
Random Map
Map size
Normal (6 player)
Population
200
Speed
Normal
Resources
Standard
Victory
Conquest
Starting age
Dark Age
Ending age
Imperial Age
RankedLock teamsTeams togetherTeam positionsShared explorationLock speedFull tech treeHidden civsTurbo modeCheats
Victory
Defeat
🇨🇳 Britons · China
977
+15
🇨🇳 Bulgarians · China
954
+16
🇨🇳 Burgundians · China
943
+17
🇲🇽 Jurchens · Mexico
968
-16
🇻🇳 Turks · Vietnam
962
-16
🇭🇰 Vietnamese · Hong Kong SAR China
958
-16
Popeye
10:13 Feudal Age
11:40 Loom
15:38 Castle Age
13:55 Double-Bit Axe
16:44 Wheelbarrow
22:17 Horse Collar
29:04 Imperial Age
27:05 Fletching
27:14 Gold Mining
28:16 Bodkin Arrow
28:34 Forging
29:07 Hand Cart
29:10 Husbandry
31:10 Bracer
31:34 Bow Saw
33:33 Paper Money
33:26 Thumb Ring
33:37 Padded Archer Armor
35:03 Ballistics
35:04 Scale Barding Armor
37:16 Fortified Wall
38:19 Iron Casting
39:07 Elite Battle Elephant
40:26 Chain Barding Armor
41:52 Plate Barding Armor
42:43 Chemistry
41:55 Masonry
42:14 Leather Archer Armor
44:59 Ring Archer Armor
LeonGamer7u7
8:52 Loom
11:20 Feudal Age
11:47 Double-Bit Axe
11:43 Horse Collar
16:06 Castle Age
16:07 Wheelbarrow
20:56 Town Watch
23:59 Treadmill Crane
24:47 Heavy Plow
24:58 Bow Saw
32:15 Imperial Age
30:28 Hand Cart
30:19 Caravan
31:13 Siege Engineers
31:04 Murder Holes
31:51 Forging
31:41 Scale Mail Armor
31:48 Squires
31:56 Gold Mining
31:58 Stone Mining
32:11 Fortified Bastions
31:34 Pikeman
32:05 Arson
36:00 Halberdier
37:03 Conscription
36:05 Elite Iron Pagoda
37:53 Iron Casting
37:33 Chain Mail Armor
37:28 Scale Barding Armor
38:48 Chemistry
38:11 Ballistics
41:56 Two-Man Saw
41:28 Crop Rotation
42:47 Blast Furnace
42:09 Chain Barding Armor
41:41 Fletching
41:52 Padded Archer Armor
42:06 Fortified Wall
PeterMT2699
11:34 Feudal Age
12:14 Horse Collar
12:21 Double-Bit Axe
14:30 Loom
16:44 Wheelbarrow
19:15 Castle Age
17:35 Stone Mining
19:38 Gold Mining
20:21 Bow Saw
20:49 Heavy Plow
26:28 Hand Cart
31:44 Imperial Age
29:21 Fletching
30:34 Scale Barding Armor
30:50 Caravan
31:09 Forging
31:37 Scale Mail Armor
31:41 Padded Archer Armor
32:11 Town Watch
32:48 Guilds
34:06 Squires
35:05 Chain Barding Armor
35:28 Bloodlines
36:07 Bodkin Arrow
40:12 Plate Barding Armor
41:21 Bracer
44:17 Bombard Tower
44:55 Cavalier
45:35 Husbandry
小肉肉ovo
10:20 Feudal Age
9:12 Double-Bit Axe
9:16 Horse Collar
11:14 Loom
16:30 Castle Age
15:21 Bow Saw
15:13 Heavy Plow
15:34 Stone Mining
17:03 Gold Mining
20:25 Stone Shaft Mining
22:12 Gold Shaft Mining
22:24 Wheelbarrow
22:05 Town Watch
22:27 Loom
25:24 Two-Man Saw
27:22 Crop Rotation
30:02 Imperial Age
27:51 Pikeman
28:32 Squires
28:53 Forging
28:26 Cavalier
29:49 Husbandry
29:58 Scale Barding Armor
31:45 Iron Casting
31:11 Scale Mail Armor
33:39 Blast Furnace
33:00 Chain Barding Armor
32:31 Fletching
32:58 Chain Mail Armor
34:00 Paladin
35:15 Caravan
36:05 Plate Barding Armor
38:06 Halberdier
39:49 Plate Mail Armor
39:14 Bodkin Arrow
39:20 Padded Archer Armor
40:28 Light Cavalry
41:41 Conscription
41:25 Bracer
41:41 Leather Archer Armor
41:42 Masonry
41:43 Fortified Wall
41:54 Ballistics
42:32 Man-at-Arms
43:36 Burgundian Vineyards
44:08 Hoardings
43:22 Long Swordsman
43:48 Hussar
44:08 Two-Handed Swordsman
44:45 Champion
47:15 Chemistry
45:57 Treadmill Crane
种菜农夫
9:54 Feudal Age
15:42 Castle Age
13:57 Horse Collar
15:26 Double-Bit Axe
15:35 Stone Mining
25:21 Gold Mining
26:37 Wheelbarrow
25:49 Loom
25:53 Town Watch
27:16 Treadmill Crane
30:30 Imperial Age
28:19 Hand Cart
28:19 Padded Archer Armor
28:09 Fletching
29:42 Gold Shaft Mining
29:19 Bow Saw
29:15 Heavy Plow
28:59 Crossbowman
29:36 Bodkin Arrow
29:56 Leather Archer Armor
30:09 Ballistics
29:45 Murder Holes
31:24 Leather Archer Armor
31:12 Bracer
32:19 Chemistry
31:53 Conscription
32:42 Guilds
33:05 Coinage
32:26 Arbalester
33:52 Ring Archer Armor
34:16 Squires
34:03 Arson
33:41 Pikeman
34:32 Caravan
35:46 Two-Man Saw
35:12 Yeomen
35:30 Elite Longbowman
37:29 Banking
36:45 Halberdier
37:33 Warwolf
38:12 Hoardings
42:56 Siege Engineers
43:03 Fortified Wall
43:05 Masonry
世锦赛冠军
9:02 Feudal Age
9:28 Double-Bit Axe
17:17 Castle Age
17:07 Horse Collar
17:57 Forging
20:45 Wheelbarrow
25:28 Bow Saw
30:05 Imperial Age
28:08 Heavy Plow
28:45 Bloodlines
28:36 Husbandry
28:43 Scale Barding Armor
28:57 Gold Mining
28:59 Stone Mining
30:14 Iron Casting
29:59 Chain Barding Armor
29:41 Scale Mail Armor
31:10 Hand Cart
31:23 Conscription
32:10 Light Cavalry
33:46 Squires
33:33 Gambesons
34:11 Stirrups
35:52 Elite Konnik
38:11 Plate Barding Armor
37:34 Hussar
41:03 Gold Shaft Mining
42:36 Bagains
44:01 Blast Furnace
43:17 Chain Mail Armor
44:18 Coinage
43:48 Caravan
45:08 Plate Mail Armor
46:36 Arson
47:30 Crop Rotation
Connection lost

Rejoining the realm…

Still unreachable

The connection could not be restored.

Session expired

The server has moved on; the page needs a fresh start.